 Dungeon Crawl Stone Soup version 0.29.1-12-g30fa7ad0bf (webtiles) character file.

Game seed: 2101023538163075187

50 boopmooplesden the Twirler (level 3, -3/31 HPs)
             Began as a Minotaur Gladiator on Dec 16, 2022.
             Slain by a gnoll
             ... wielding a +0 halberd
              (4 damage)
             ... on level 2 of the Dungeon.
             The game lasted 00:01:11 (792 turns).

boopmooplesden the Twirler (Minotaur Gladiator)      Turns: 792, Time: 00:01:12

Health: -3/31      AC:  4    Str: 20    XL:     3   Next: 55%
Magic:  2/2        EV: 12    Int:  5    God:
Gold:   55         SH:  0    Dex: 11    Spells: 2/2 levels left

rFire   . . .      SeeInvis .   a - +0 quarterstaff
rCold   . . .      Faith    .   (shield currently unavailable)
rNeg    . . .      Spirit   .   b - +0 leather armour
rPois   .          Reflect  .   c - +0 hat
rElec   .          Harm     .   (no cloak)
rCorr   .          Rampage  .   k - +0 pair of gloves
Will    .....                   (no boots)
Stlth   +.........              (no amulet)
HPRegen 0.10/turn               (no ring)
MPRegen 0.08/turn               (no ring)

@: no status effects
A: horns 2, retaliatory headbutt
a: no special abilities


You were on level 2 of the Dungeon.
You visited 1 branch of the dungeon, and saw 2 of its levels.

You collected 55 gold pieces.

Inventory:

Hand Weapons
 a - a +0 quarterstaff (weapon)
 i - a +0 battleaxe
Missiles
 d - a throwing net (quivered)
 e - a javelin
Armour
 b - a +0 leather armour (worn)
 c - a +0 hat (worn)
 f - a +0 chain mail
 h - a +0 ring mail
 k - a +0 pair of gloves (worn)
Jewellery
 l - an amulet of faith
Scrolls
 g - a scroll of amnesia {unknown}
Potions
 j - a potion of invisibility {unknown}
 m - a potion of brilliance {unknown}


   Skills:
 + Level 3.2 Fighting
 + Level 4.3 Staves
 + Level 2.1 Throwing
 + Level 1.2 Armour
 + Level 3.6 Dodging
 + Level 0.1 Stealth


You had 2 spell levels left.
You didn't know any spells.
Your spell library contained the following spells:

 Spells                   Type           Power      Damage    Failure   Level
 Gell's Gravitas          Tloc           0%         N/A       88%         3
 Teleport Other           Tloc           0%         N/A       88%         3
 Dispersal                Tloc           0%         N/A       100%        6


Dungeon Overview and Level Annotations

Branches:
Dungeon (2/15)

Altars:


Innate Abilities, Weirdness & Mutations

You have a pair of horns on your head.
You reflexively headbutt those who attack you in melee.


Message History

a +0 club; a gnoll corpse
There are no items here.
Throw: 3 throwing nets
Press: ? - help, Q - select action, (/) - cycle Shift-Dir - straight line, f - gnoll
Aim: a gnoll, wielding a +0 spear (61% to hit)
You throw a throwing net. The throwing net hits the gnoll.
The gnoll is caught in the net!
The gnoll struggles against the net.
The gnoll struggles against the net.
You sock the gnoll!
The gnoll is severely wounded.
The gnoll struggles against the net.
You sock the gnoll!
You kill the gnoll!
Your Fighting skill increases to level 3!
d - 3 throwing nets (gained 1)
Things that are here:
a +0 spear; a +0 club; a gnoll corpse A gnoll comes into view.
It is wielding a +0 halberd.
The gnoll shouts!
Things that are here:
a +0 spear; a +0 club; a gnoll corpse Throw: 3 throwing nets
Press: ? - help, Q - select action, (/) - cycle Shift-Dir - straight line, f - gnoll
Aim: a gnoll, wielding a +0 halberd and wearing a +0 leather armour (61% to hit)
You throw a throwing net.
The throwing net barely misses the gnoll.
The gnoll hits you from afar with a +0 halberd!
* * * LOW HITPOINT WARNING * * *
The gnoll hits you with a +0 halberd.
* * * LOW HITPOINT WARNING * * *
Things that are here:
a +0 spear; a +0 club; a gnoll corpse Throw: 2 throwing nets
Press: ? - help, Q - select action, (/) - cycle Shift-Dir - straight line, f/p - gnoll
Aim: a gnoll, wielding a +0 halberd and wearing a +0 leather armour (61% to hit)
You throw a throwing net.
The throwing net barely misses the gnoll.
The gnoll hits you with a +0 halberd.
You die...

#.##..###...######
#.##.## ##.......#
#.#.## ##......#
#.##.# ##.#####.#
#.# #.###.#.......
#.# #.#.##.####.#
#.# ##.## .#
#.####...# .#
#...@g(#....g..
######...##.###
##.## .# .# .# .#
.#


You could see a gnoll.

Vanquished Creatures
  2 gnolls (D:2)
  4 ball pythons (D:1)
  2 endoplasms (D:1)
  A giant cockroach (D:1)
  3 hobgoblins
  4 jackals (D:1)
  2 kobolds (D:1)
  4 quokkas (D:1)
  2 bats (D:1)
  A frilled lizard (D:1)
  2 rats (D:1)
27 creatures vanquished.

Notes
Turn   | Place    | Note
-------+----------+-------------------------------------------
     0 | D:1      | boopmooplesden the Minotaur Gladiator began the quest for
                  | the Orb.
     0 | D:1      | Reached XP level 1. HP: 18/18 MP: 0/0
   180 | D:1      | Reached XP level 2. HP: 25/25 MP: 1/1
   213 | D:1      | Reached skill level 4 in Staves
   344 | D:1      | Reached skill level 1 in Armour
   527 | D:1      | Found a faded altar of an unknown god.
   606 | D:1      | Reached XP level 3. HP: 30/30 MP: 2/2
   791 | D:2      | HP: 1/31 [gnoll/+0 halberd (1)]
   792 | D:2      | Slain by a gnoll

Illustrated notes

Levels and vault maps discovered:
D:1:      saegor_arrival_simple_c, layout_basic,
          hellmonk_ecumenical_altar_dog_temple
D:2:      layout_loops_ring, serial_shops, nicolae_diamond_shop, shop_fountains,
          nicolae_shop_competitors_out_of_business

Skill      XL: |  1  2  3 |
---------------+----------+-----
Staves         | 4 |  4.3
Armour         | 1 |  1.2
Fighting       | 3 |  3.2
Throwing       | |  2.1
Dodging        | |  3.6
Stealth        | |  0.1

Action                   || total
-------------------------++-------
Melee: Quarterstaff      ||    55
       Headbutt          ||    14
Throw: Throwing net      ||     3
Armor: Leather armour    ||    14
Dodge: Dodged            ||    36
